 Dungeon Crawl Stone Soup version 0.30-a0-639-g3916f1956a (webtiles) character file.

Game seed: 4777003273742783144

625 acebull12 the Shield-Bearer (level 7, 0/53 HPs)
             Began as a Formicid Fighter on Jan 17, 2023.
             Slain by a black bear (2 damage)
             ... on level 5 of the Dungeon.
             The game lasted 00:12:03 (4222 turns).

acebull12 the Shield-Bearer (Formicid Fighter)      Turns: 4222, Time: 00:12:04

Health: 0/53       AC:  8    Str: 23    XL:     7   Next: 76%
Magic:  7/7        EV: 10    Int:  7    God:
Gold:   239        SH:  5    Dex: 13    Spells: 6/6 levels left

rFire   . . .      SeeInvis +    a - +0 war axe
rCold   . . .      Faith    .    c - +0 buckler
rNeg    . . .      Spirit   .    b - +0 scale mail
rPois   .          Reflect  .    (helmet unavailable)
rElec   .          Harm     .    (no cloak)
rCorr   .          Rampage  .    (no gloves)
Will    .....                    p - +0 pair of boots Stlth
                                 (no amulet)
HPRegen 0.28/turn                (no ring)
MPRegen 0.10/turn                (no ring)

@: no status effects
A: permanent stasis, dig shafts and tunnels, antennae 3, four strong arms
a: Dig, Shaft Self


You were on level 5 of the Dungeon.
You visited 1 branch of the dungeon, and saw 5 of its levels.

You collected 239 gold pieces.

Inventory:

Hand Weapons
 a - a +0 war axe (weapon)
Missiles
 f - 4 curare-tipped darts
 i - 14 stones (quivered)
 w - 5 poisoned darts
Armour
 b - a +0 scale mail (worn)
 c - a +0 buckler (worn)
 p - a +0 pair of boots (worn)
Wands
 t - a wand of charming (15)
Scrolls
 e - 3 scrolls of teleportation {unknown}
 k - a scroll of fog {unknown}
 l - 6 scrolls of identify {unknown}
 o - a scroll of amnesia {unknown}
 q - a scroll of immolation {unknown}
 r - a scroll of brand weapon {unknown}
 s - a scroll of enchant weapon {unknown}
 v - a scroll of enchant armour {unknown}
Potions
 d - a potion of might
 g - 2 potions of degeneration {unknown}
 h - 4 potions of heal wounds {unknown}
 j - a potion of mutation {unknown}
 m - a potion of brilliance {unknown}
 n - 3 potions of lignification {unknown}
 u - 2 potions of flight {unknown}


   Skills:
 + Level 3.9 Fighting
 * Level 5.7 Axes
 * Level 5.5 Armour
 + Level 0.8 Dodging
 * Level 5.7 Shields


You had 6 spell levels left.
You didn't know any spells.
Your spell library contained the following spells:

 Spells                   Type           Power      Damage    Failure   Level
 Necrotise                Necr           0%         1d4       80%         1
 Vampiric Draining        Necr           0%         2d6       99%         3
 Agony                    Necr           0%         N/A       100%        5


Dungeon Overview and Level Annotations

Branches:
Dungeon (5/15)
 Temple: D:4-7

Altars:
Trog

Annotations:
D:3 1 runed translucent door, wormed's ghost, amateur GnWn


Innate Abilities, Weirdness & Mutations

You cannot be hasted, slowed, berserked, paralysed or teleported.
You can dig through walls and to a lower floor.
You have a pair of large antennae on your head. (SInv)
Your four strong arms can wield two-handed weapons with a shield.


Message History

You hit the black bear.
The black bear is almost dead.
The black bear barely misses you. You block the black bear's attack.
The black bear claws you. The black bear bites you. The black bear claws you.
* * * LOW HITPOINT WARNING * * *
The black bear claws you.
* * * LOW HITPOINT WARNING * * *
You hit the black bear but do no damage.
The black bear is almost dead.
The black bear bites you.
* * * LOW HITPOINT WARNING * * *
The black bear claws you.
* * * LOW HITPOINT WARNING * * *
The black bear claws you but does no damage.
The black bear closely misses you.
The black bear claws you but does no damage. x2
You barely miss the black bear.
The black bear is almost dead.
You block the black bear's attack.
The black bear claws you but does no damage.
You block the black bear's attack.
An orc comes into view. It is wielding a +0 short sword.
The black bear bites you.
* * * LOW HITPOINT WARNING * * *
The black bear barely misses you.
The black bear claws you but does no damage.
You hit the black bear.
The black bear is almost dead.
The black bear barely misses you.
The black bear claws you but does no damage.
You block the black bear's attack. The black bear bites you.
* * * LOW HITPOINT WARNING * * *
You block the black bear's attack.
The black bear claws you but does no damage.
You barely miss the black bear.
The black bear is almost dead.
The black bear bites you but does no damage.
The black bear claws you but does no damage.
The black bear claws you.
You die...

........###...#......##..#......#
.................##......#...##..
..<..#.......................####
#....##.#####........#.........#
.........#.#............<..#...#
.................##.........#...#
.......#........)##..#....###...#
.....### ............#.....##...#
##.... .......@##..###...#....#
###... ...#.##h...## ##.......# #
.....# ..###... ........ >## ##..
#..o....... #..# #....###...
#.... ...### ..# ##... .... .#
#..# #....


You could see a black bear (berserk) and an orc.

Vanquished Creatures
  2 phantoms
  3 scorpions (D:4)
  A howler monkey (D:4)
  2 hounds
  A jelly (D:5)
  Robin (D:2)
  6 adders
  A dart slug (D:1)
  A worm (D:2)
  11 orcs
  6 endoplasms
  3 giant cockroaches
  17 goblins
  8 hobgoblins
  4 jackals (D:3)
  3 quokkas
  17 ball pythons
  3 bats
  3 frilled lizards
  4 kobolds
  2 rats
99 creatures vanquished.

Vanquished Creatures (others)
  4 demonic plants (D:2)
  2 fungi (D:2)
  4 plants (D:2)
  3 withered plants (D:2)
13 creatures vanquished.

Grand Total: 112 creatures vanquished

Notes
Turn   | Place    | Note
-------+----------+-------------------------------------------
     0 | D:1      | acebull12 the Formicid Fighter began the quest for the Orb.
     0 | D:1      | Reached XP level 1. HP: 18/18 MP: 1/1
    44 | D:1      | Reached XP level 2. HP: 24/24 MP: 2/2
   262 | D:1      | Reached XP level 3. HP: 29/29 MP: 3/3
   830 | D:2      | Reached XP level 4. HP: 23/35 MP: 4/4
   900 | D:2      | Found a faded altar of an unknown god.
   984 | D:2      | Noticed Robin
   993 | D:2      | Killed Robin
  1165 | D:2      | Found a bloodstained altar of Trog.
  1394 | D:3      | Reached XP level 5. HP: 12/41 MP: 5/5
  1745 | D:3      | You fall into a shaft and drop 2 floors!
  1745 | D:5      | Entered Level 5 of the Dungeon
  1804 | D:5      | Reached skill level 5 in Shields
  1818 | D:5      | Noticed a phantom
  1830 | D:5      | Killed a phantom
  1831 | D:5      | Reached XP level 6. HP: 34/47 MP: 6/6
  2389 | D:3      | Found a runed translucent door.
  2389 | D:3      | Noticed wormed's ghost (amateur GnWn)
  3441 | D:4      | Reached skill level 5 in Axes
  3617 | D:4      | Reached skill level 5 in Armour
  3617 | D:4      | Reached XP level 7. HP: 49/53 MP: 7/7
  4220 | D:5      | HP: 2/53 [black bear (1)]
  4222 | D:5      | Slain by a black bear

Illustrated notes

Levels and vault maps discovered:
D:1:      scummos_arrival_hexagon, layout_loops_ring, serial_park_tiny_2,
          kennysheep_decorative_pillar
D:2:      layout_rooms, basic_altar, shapermc_ecumenical_altar_gd, uniq_robin
D:3:      layout_loops_corners, hellmonk_ghost_happy_afterlife,
          bh_walls_and_bars
D:4:      minmay_chambers_of_twos, layout_loops_ring, kennysheep_generic_room_4
D:5:      layout_cave_pools, minmay_misc_feat_roman, minmay_misc_feat_plants

Skill      XL: |  1  2  3  4  5  6 |
---------------+-------------------+-----
Axes           | 3 4 5 |  5.7
Armour         | 4 5 |  5.5
Shields        | 5 |  5.7
Fighting       | |  3.9
Dodging        | |  0.8

Action                   |  1- 3 |  4- 6 |  7- 9 || total
-------------------------+-------+-------+-------++-------
Melee: War axe           |    55 |   123 |    52 ||   230
Throw: Stone             |       |     3 |       ||     3
 Abil: Dig               |       |     3 |       ||     3
Armor: Scale mail        |    28 |    58 |    41 ||   127
Dodge: Dodged            |    29 |    67 |    30 ||   126
Block: Buckler           |    15 |    40 |    22 ||    77

Table legend: (Time is in decaauts)
 A = Elapsed time spent in this place.
 B = Non-inter-level travel time spent in this place.
 C = Inter-level travel time spent in this place.
 D = Time resting spent in this place.
 E = Time spent auto-exploring this place.
 F = Levels seen in this place.
 G = Mean time per level.
                   A        B        C        D        E       F      G
               +--------+--------+--------+--------+--------+-----+--------+
         Total |   4303 |   4011 |    292 |    583 |   2422 |   5 |  860.6 |
       Dungeon |   4303 |   4011 |    292 |    583 |   2422 |   5 |  860.6 |
               +--------+--------+--------+--------+--------+-----+--------+

Top non-repeatable levels by time:
     D:4: 1411 daAuts
     D:3: 1258 daAuts
     D:1: 767 daAuts
     D:2: 595 daAuts
     D:5: 271 daAuts
